 Dungeon Crawl Stone Soup version 0.28.0-45-g0d030f2227 (webtiles) character file.

Game seed: 14146386713083378874

1754 zeratav the Insei (level 9, -5/62 HPs)
             Began as an Octopode Transmuter on Apr 5, 2022.
             Killed themself with a badly aimed iceblast (10 damage)
             ... on level 6 of the Dungeon.
             The game lasted 00:22:13 (9977 turns).

zeratav the Insei (Octopode Transmuter)             Turns: 9977, Time: 00:22:14

Health: -5/62      AC:  2    Str: 13    XL:     9   Next: 6%
Magic:  20/23      EV: 22    Int: 15    God:
Gold:   248        SH:  0    Dex: 18    Spells: 11/15 levels left

rFire   . . .      SeeInvis .     - Unarmed
rCold   . . .      Faith    .   (shield currently unavailable)
rNeg    . . .      Spirit   .   (helmet currently unavailable)
rPois   x          Reflect  .   g - amulet of the acrobat
rElec   .          Harm     .   l - ring of magical power
rCorr   .          Rampage  .   (no ring)
Will    .....                   (no ring)
Stlth   ++........              (no ring)
HPRegen 0.20/turn               (no ring)
MPRegen 0.18/turn               (no ring)
                                (no ring)
                                (no ring)

@: spider-form
A: venomous fangs, almost no armour, (amphibious), 8 rings, tiny, (camouflage
1), (gelatinous body 1), (nimble swimmer 1), (tentacles)
a: End Transformation


You were on level 6 of the Dungeon.
You were a venomous arachnid creature.
You visited 2 branches of the dungeon, and saw 7 of its levels.
You also visited: Sewer.

You collected 248 gold pieces.

Inventory:

Hand Weapons
 x - a +2 dagger of speed (melded)
 y - a +6 flail
Missiles
 c - 6 silver javelins
Jewellery
 g - an amulet of the acrobat (around neck)
 l - a ring of magical power (left front leg)
 o - an amulet of faith
Wands
 B - a wand of iceblast (21)
Scrolls
 a - 2 scrolls of teleportation {unknown}
 b - 3 scrolls of vulnerability {unknown}
 i - a scroll of enchant weapon {unknown}
 j - 2 scrolls of fear {unknown}
 k - 5 scrolls of identify {unknown}
 n - a scroll of enchant armour {unknown}
 p - a scroll of fog {unknown}
 q - a scroll of magic mapping {unknown}
 t - 6 scrolls of noise {unknown}
 v - a scroll of acquirement {unknown}
 A - a scroll of immolation {unknown}
Potions
 d - 3 potions of curing {unknown}
 e - 5 potions of berserk rage {unknown}
 f - 3 potions of heal wounds {unknown}
 h - a potion of degeneration {unknown}
 m - a potion of brilliance {unknown}
 r - a potion of magic {unknown}
 s - a potion of cancellation {unknown}
 u - a potion of might {unknown}
 w - 2 potions of mutation {unknown}
 z - a potion of resistance {unknown}


   Skills:
 * Level 6.0 Fighting
 + Level 4.6 Dodging
 * Level 6.8 Unarmed Combat
 - Level 3.8 Spellcasting
 + Level 4.5 Transmutations
 + Level 1.8 Ice Magic


You had 11 spell levels left.
You knew the following spells:

 Your Spells              Type           Power      Damage    Failure   Level
a - Beastly Appendage     Tmut           32%        N/A       10%         1
b - Spider Form           Tmut/Pois      9%         N/A       43%         3

Your spell library contained the following spells:

 Spells                   Type           Power      Damage    Failure   Level
 Wereblood                Tmut           16%        N/A       13%         2
 Apportation              Tloc           4%         N/A       38%         1
 Ice Form                 Ice/Tmut       12%        N/A       65%         4
 Alistair's Intoxication  Tmut/Pois      6%         N/A       97%         5


Dungeon Overview and Level Annotations

Branches:
Dungeon (6/15)             Temple (1/1) D:5           Sewer (visited)

Altars:
Cheibriados
Fedhas
Gozag
Hepliaklqana
Kikubaaqudgha
Makhleb
Nemelex Xobeh
Okawaru
Qazlal
Ru
Trog
Uskayaw
Vehumet
Yredelemnul


Innate Abilities, Weirdness & Mutations

You are a venomous arachnid creature.
You have poisonous fangs.
You are tiny and dextrous.
Your spellcasting is less reliable in this form.
Your armour is entirely melded.
You are incapable of wielding weapons or throwing items.
You cannot wear most types of armour.
((You are amphibious.))
You can wear up to eight rings at the same time.
((Your skin changes colour to match your surroundings (Stealth+).))
((Your rubbery body absorbs attacks. (AC +1, EV +1)))
((You are camouflaged when in or above water. (Stealth+)))
((You have tentacles for arms and can constrict up to eight enemies at once.))


Message History

The orc closely misses you. The orc priest misses you.
You completely miss something.
Your transformation has ended.
Your +2 dagger of speed unmelds from your body.
Your tentacles tingle!
The orc hits you with a +0 dagger. Something hits you.
* * * LOW HITPOINT WARNING * * *
The orc hits you with a +0 dagger.
* * * LOW HITPOINT WARNING * * *
The orc priest casts a cantrip, but nothing happens.
Casting: Spider Form (dangerous; 22% risk of failure)
Confirm with . or Enter, or press ? or * to list all spells.
You turn into a venomous arachnid creature.
Your +2 dagger of speed melds into your body.
The orc hits you but does no damage.
You hear some strange, mumbled words.
Something tries to affect you, but you resist.
The orc priest misses you. The orc hits you with a +0 dagger.
* * * LOW HITPOINT WARNING * * *
You hit the orc priest but do no damage.
The orc priest looks as sick as possible!
The orc priest is severely wounded.
The orc misses you. Something hits you.
* * * LOW HITPOINT WARNING * * *
The orc priest hits you with a +0 hand axe.
* * * LOW HITPOINT WARNING * * *
The orc hits you but does no damage.
You hit the orc priest but do no damage.
The orc priest looks as sick as possible!
The orc priest is severely wounded.
The orc closely misses you.
Aiming: Iceblast
Press: ? - help, Q - select action, (/) - cycle Shift-Dir - straight line The mass of ice explodes!
The iceblast engulfs something!
Reactivating autopickup.
You feel a bit more experienced.
The iceblast engulfs the orc!
You kill the orc!
The iceblast engulfs the orc!!
You kill the orc!
The iceblast engulfs you!
You die...

#. #.#....##..#.##..#....#
#..##### #.#.............##.####
#......###.#.....#....#..##'## #
#.........#....#.....#.##...##
#####.#####..........#.......##
##.##.# ##....##.#..##.......#
###...#)####.....##...##.........
.......)o....).))......+.........
###...#.####.#.)s...####....>....
##.##.# #.##.o..## ##.......#
...##.# #.......# ##.....##
###.##.# ####.#### ##...## #....#
#.# ##+## #.#### #.# #.. ..# #.#
#.# #.# ##.## #.# #########...###


You could see an orc priest (extremely poisoned).

Vanquished Creatures
  Sigmund (D:2)
  Edmund (D:5)
  A water moccasin (D:6)
  A sky beast (D:5)
  2 ogres
  A centaur (D:5)
  A kobold brigand (Sewer)
  4 scorpions
  A water moccasin zombie (D:3)
  A centaur zombie (D:5)
  An orc priest (D:5)
  A centaur skeleton (D:4)
  A gnoll shaman (D:5)
  Jessica (D:2)
  2 iguanas
  3 orc wizards (D:6)
  A scorpion zombie (D:3)
  2 hound zombies (D:5)
  11 adders
  8 gnolls
  2 river rats (Sewer)
  2 adder skeletons (D:3)
  An adder zombie (D:3)
  6 worms
  11 orcs
  6 bats
  11 endoplasms
  8 giant cockroaches
  11 hobgoblins
  2 jackals (D:3)
  14 kobolds
  6 quokkas
  11 ball pythons
  A ball python skeleton (D:3)
  2 frilled lizards
  10 goblins
  A jackal skeleton (D:3)
  2 quokka zombies (D:3)
  12 rats
  A spectral kobold (D:2)
165 creatures vanquished.

Vanquished Creatures (others)
  2 withered plants
2 creatures vanquished.

Grand Total: 167 creatures vanquished

Notes
Turn   | Place    | Note
-------+----------+-------------------------------------------
     0 | D:1      | zeratav the Octopode Transmuter began the quest for the
                  | Orb.
     0 | D:1      | Reached XP level 1. HP: 13/13 MP: 3/3
   262 | D:1      | Reached XP level 2. HP: 18/18 MP: 1/5
   930 | D:1      | Reached XP level 3. HP: 24/24 MP: 4/6
  1333 | D:2      | Found a faded altar of an unknown god.
  1384 | D:2      | Noticed Jessica
  1388 | D:2      | Killed Jessica
  1389 | D:2      | Reached XP level 4. HP: 17/29 MP: 5/7
  1398 | D:2      | Found the +4 Cigotuvi's embrace {rMiasma Drain rN+}
  2320 | D:2      | Reached XP level 5. HP: 31/35 MP: 6/8
  2465 | D:2      | Noticed Sigmund
  2480 | D:2      | Killed Sigmund
  2481 | D:2      | Reached XP level 6. HP: 31/42 MP: 8/10
  2760 | D:3      | Learned a level 3 spell: Spider Form
  3925 | D:4      | Reached skill level 5 in Unarmed Combat
  3925 | D:4      | Reached XP level 7. HP: 27/47 MP: 8/11
  5003 | D:5      | Entered Level 5 of the Dungeon
  5063 | D:5      | Reached XP level 8. HP: 15/54 MP: 13/13
  5406 | D:5      | Found a glowing drain.
  5431 | Sewer    | Entered a sewer
  6536 | Sewer    | Reached skill level 5 in Fighting
  7134 | D:4      | HP: 1/55 [gnoll/+0 flail (4)]
  7809 | D:5      | Found a staircase to the Ecumenical Temple.
  7816 | Temple   | Entered the Ecumenical Temple
  8466 | D:5      | Found an ancient bone altar of Kikubaaqudgha.
  8466 | D:5      | Found a blossoming altar of Fedhas.
  8707 | D:5      | Found a faded altar of an unknown god.
  8707 | D:5      | Noticed Edmund
  8708 | D:5      | Found a hazy altar of Hepliaklqana.
  8721 | D:5      | Killed Edmund
  8722 | D:5      | Reached skill level 1 in Ice Magic
  9174 | D:6      | Found a sparkling altar of Nemelex Xobeh.
  9551 | D:6      | Found a bloodstained altar of Trog.
  9650 | D:6      | Reached XP level 9. HP: 62/62 MP: 14/14
  9977 | D:6      | Killed themself with a badly aimed iceblast

Illustrated notes

Levels and vault maps discovered:
D:1:      heliophobic_arrival_glass_houses, layout_loops_ring,
          wad_floor_pattern_1, grunt_decor_one_mirror
D:2:      layout_rooms, dreamdust_ecumenical_altar_drowned_temple,
          minmay_between, uniq_sigmund, uniq_jessica
D:3:      layout_rooms, serial_undead, serial_undead_c, serial_undead_a,
          serial_undead_f, serial_undead_a, serial_undead_e, serial_undead_f
D:4:      layout_basic
D:5:      layout_loops_ring, grunt_temple_overflow_growth_and_decay,
          beargit_hepliaklqana_dungeon_heroes, minmay_temple_entry_proselytizer,
          cheibrodos_sewer_entry_drain, uniq_edmund
D:6:      layout_loops_corners, nicolae_overflow_hidden_temple,
          nemelex_dance_club_becter, grunt_temple_overflow_open, serial_shops,
          nicolae_lakefront_shop, hangedman_abyss_or_decor_lesser_grid
Temple:   compressed_dpeg_triangle_lava_temple

Skill      XL: |  1  2  3  4  5  6  7  8  9 |
---------------+----------------------------+-----
Fighting       | 2 3 4 5 6 |  6.0
Unarmed Combat | 4 5 6 |  6.8
Dodging        | 3 4 |  4.6
Transmutations | 3 4 |  4.5
Spellcasting   | 3 |  3.8
Ice Magic      | 1 |  1.8

Action                   |  1- 3 |  4- 6 |  7- 9 || total
-------------------------+-------+-------+-------++-------
Melee: Unarmed           |    24 |    60 |   201 ||   285
       Tentacles         |    10 |    19 |    13 ||    42
       Constrict         |    15 |    30 |     9 ||    54
       Kick              |    12 |    16 |       ||    28
       Punch             |     1 |     1 |     2 ||     4
       Hand axe          |    23 |    88 |    28 ||   139
       Dagger            |       |       |    29 ||    29
 Cast: Beastly Appendage |    24 |    13 |       ||    37
       Spider Form       |       |     9 |    37 ||    46
 Abil: End Transformatio |       |       |     1 ||     1
 Stab: Sleeping          |     2 |     6 |     2 ||    10
Armor: Skin              |     6 |    12 |    14 ||    32
Dodge: Dodged            |    24 |   132 |   251 ||   407
